Map: Dreamcatcher LE

Players

SpeCial

  • Race: Terran Terran
  • Spawn Location: 11:00

Reynor - Winner!

  • Race: Zerg Zerg
  • Spawn Location: 5:00

Event: WCS Valencia 2018

VOD

Have the link to the VOD?

Description

Time

  • Played on: July 13, 2018, 6:22 a.m.
  • Length: 10:47

All games in this series

Show
View Real Time Build Order
Export as new Build Order

SpeCial Terran 

Build Orders: Reaper Expand, MMM Bio 

Get SALT Encoding   

  12  0:00  SCV  
  13  0:13  SCV  
  14  0:17  Supply Depot  
  14  0:25  SCV  
  15  0:39  SCV  
  15  0:41  Barracks  
  16  0:43  Refinery  
  16  0:51  SCV  
  17  1:03  SCV  
  18  1:15  SCV  
  19  1:28  Orbital Command  
  19  1:29  Reaper  
  20  1:40  Command Center  
  20  1:50  Supply Depot  
  20  1:54  SCV  
  20  2:01  Marine  
  22  2:05  Factory  
  22  2:07  SCV  
  23  2:15  Refinery  
  23  2:19  SCV  
  23  2:22  Barracks Reactor  
  24  2:31  SCV  
  25  2:43  SCV  
  26  2:50  Hellion, Starport  
  27  2:55  SCV  
  28  2:59  Marine x2  
  29  3:07  SCV  
  29  3:11  Bunker  
  30  3:18  Orbital Command  
  30  3:19  SCV  
  31  3:27  Viking  
  33  3:30  Hellion  
  35  3:34  Hellion  
  35  3:38  Barracks Tech Lab  
  35  3:40  SCV  
  38  3:44  SCV  
  39  3:49  Supply Depot  
  39  3:56  Hellion x2  
  39  4:00  SCV  
  39  4:01  SCV  
  45  4:10  Medivac  
  45  4:12  Supply Depot  
  45  4:16  Armory  
  47  4:17  SCV  
  47  4:19  SCV  
  47  4:22  Marine  
  50  4:26  Stimpack  
  50  4:29  Hellion  
  52  4:35  Hellion  
  52  4:37  Liberator  
  53  4:39  SCV x2  
  53  4:40  Supply Depot  
  55  4:50  Hellion  
  55  4:51  SCV x2  
  62  5:03  SCV x2  
  64  5:15  SCV x2  
  66  5:21  Command Center  
  66  5:22  Hellion x2  
  66  5:27  SCV x2  
  66  5:28  Marine  
  69  5:39  SCV  
  70  5:44  Starport Reactor  
  70  5:45  Supply Depot  
  70  5:50  Barracks  
  70  5:51  Barracks  
  70  5:52  Hellion x4  
  70  5:54  SCV, Marine  
  70  5:55  SCV  
  67  6:06  SCV, Engineering Bay  
  67  6:07  Engineering Bay  
  67  6:08  SCV  
  67  6:12  Marine  
  67  6:16  Factory Reactor, Refinery  
  64  6:18  SCV  
  64  6:20  SCV  
  62  6:29  Marine  
  62  6:30  SCV, Refinery  
  62  6:32  SCV  
  58  6:33  Factory Tech Lab  
  58  6:35  Terran Infantry Armor Level 1, Terran Infantry Weapons Level 1  
  58  6:38  Orbital Command, Starport Reactor  
  58  6:40  Combat Shields  
  58  6:43  SCV  
  59  6:47  Marine x3  
  59  6:48  Marine x2  
  59  6:51  SCV  
  65  6:57  Orbital Command  
  65  6:58  Siege Tank  
  68  7:05  Marine x5  
  68  7:07  SCV x2  
  68  7:08  Barracks x2  
  75  7:09  Supply Depot  
  75  7:14  Medivac  
  75  7:15  Medivac  
  79  7:19  SCV x2  
  81  7:23  Marine x5  
  81  7:24  SCV  
  87  7:30  Siege Tank  
  87  7:31  SCV x2  
  87  7:34  Supply Depot  
  87  7:36  SCV  
  93  7:40  Marine  
  93  7:41  Marine x4  
  93  7:43  SCV  
  93  7:44  Supply Depot, SCV  
  100  7:45  Supply Depot  
  100  7:48  SCV  
  101  7:56  SCV, Medivac x2  
  101  7:57  Barracks Reactor x2  
  107  7:58  SCV, Marine x2  
  109  8:06  Marine x3  
  109  8:07  Supply Depot x2, SCV  
  109  8:09  Supply Depot  
  109  8:12  Refinery x2  
  113  8:15  Siege Tank  
  113  8:16  Marine x2  
  118  8:23  Marine x2  
  120  8:29  Command Center  
  120  8:30  SCV x2  
  120  8:32  Factory  
  120  8:33  Marine x2  
  122  8:38  Marine x5  
  122  8:40  SCV  
  125  8:41  Marine x2  
  125  8:42  SCV x2  
  129  8:51  Marine x2  
  129  8:52  SCV, Siege Tank  
  129  8:54  SCV  
  136  8:59  Marine x2  
  136  9:00  Marine, Sensor Tower  
  136  9:02  Marine  
  138  9:12  Marine x2  
  138  9:13  Marine  
  138  9:14  Marine  
  138  9:15  Marine  
  131  9:17  Factory Tech Lab, Marine x3  
  131  9:22  Marine  
  131  9:24  Siege Tank  
  127  9:30  Marine x2  
  111  9:31  Marine  
  111  9:32  Marine x2  
  111  9:35  Marine x3  
  105  9:39  Marine  
  101  9:48  Marine x2  
  101  9:50  Marine x3  
  95  9:54  Medivac x2  
  95  9:56  Siege Tank  
  95  9:57  Marine x3  
  97  10:01  Marine  
  97  10:06  Marine x2  
  85  10:08  Marine x3  
  85  10:12  Supply Depot  
  88  10:14  Marine x2  
  88  10:15  Marine  
  88  10:17  Supply Depot  
  88  10:19  Marine  
  82  10:24  Marine x2  
  82  10:26  Marine x3  
Show
View Real Time Build Order
Export as new Build Order

Reynor Zerg - Winner!

Build Orders: Pool First 

Get SALT Encoding   

  12  0:00  Drone  
  13  0:12  Overlord  
  13  0:16  Drone  
  14  0:30  Drone  
  14  0:31  Drone  
  16  0:40  Spawning Pool  
  15  0:44  Drone  
  15  0:48  Drone  
  17  1:09  Hatchery  
  16  1:12  Drone  
  17  1:27  Zergling x4  
  17  1:28  Zergling x2  
  17  1:31  Queen  
  22  1:35  Extractor  
  21  1:40  Overlord  
  21  1:49  Drone  
  22  2:00  Drone  
  23  2:07  Queen  
  25  2:12  Drone  
  26  2:22  Queen, Drone x2  
  30  2:34  Drone  
  30  2:35  Drone  
  30  2:36  Metabolic Boost  
  32  2:43  Drone x2  
  34  2:44  Drone  
  35  3:05  Hatchery  
  31  3:09  Drone x3  
  31  3:12  Drone x2  
  36  3:15  Overlord  
  36  3:28  Overlord  
  36  3:35  Queen, Drone x2  
  36  3:40  Zergling x4  
  42  3:42  Drone x2  
  42  3:45  Overlord  
  42  3:46  Drone x2  
  42  3:47  Drone  
  47  3:49  Drone  
  47  3:53  Queen  
  50  3:56  Zergling x2  
  50  3:58  Zergling x2  
  52  4:05  Zergling x2  
  52  4:08  Overlord  
  53  4:11  Zergling x6  
  53  4:12  Drone x2  
  58  4:19  Overlord  
  58  4:22  Extractor, Drone  
  58  4:23  Overlord  
  58  4:28  Zergling x2  
  59  4:32  Zergling x2  
  59  4:36  Drone  
  59  4:37  Drone x2  
  63  4:39  Drone x2  
  63  4:43  Drone  
  63  4:44  Drone x2  
  63  4:45  Drone  
  68  4:47  Lair  
  68  4:50  Evolution Chamber  
  68  4:51  Evolution Chamber, Drone  
  67  4:53  Drone  
  67  4:55  Overlord  
  68  5:00  Drone  
  68  5:04  Drone  
  68  5:06  Drone  
  71  5:07  Spore Crawler  
  71  5:08  Spore Crawler  
  71  5:13  Overlord  
  69  5:14  Drone  
  69  5:17  Drone x3  
  69  5:18  Overlord  
  73  5:28  Overlord  
  73  5:31  Zergling x2  
  73  5:33  Zergling x8  
  73  5:34  Queen  
  80  5:37  Zergling x2  
  80  5:38  Zergling x2  
  80  5:39  Drone  
  80  5:42  Zerg Missile Weapons Level 1  
  83  5:52  Drone x3  
  83  5:55  Zergling x8  
  83  5:56  Drone  
  82  6:00  Overseer  
  82  6:02  Overlord  
  82  6:10  Spore Crawler  
  81  6:15  Drone x4  
  81  6:16  Zerg Ground Armor Level 1  
  81  6:17  Drone  
  82  6:22  Drone  
  76  6:26  Drone  
  76  6:28  Drone  
  76  6:30  Roach Warren  
  76  6:31  Drone  
  80  6:32  Drone  
  80  6:33  Drone  
  80  6:37  Overlord  
  80  6:38  Extractor  
  80  6:39  Drone x2  
  82  6:43  Drone  
  82  6:46  Drone  
  84  6:49  Drone x2  
  84  6:50  Drone  
  84  6:52  Extractor  
  84  6:53  Overlord  
  85  7:04  Hatchery  
  85  7:05  Extractor, Drone  
  85  7:06  Extractor  
  85  7:07  Drone  
  84  7:12  Glial Reconstitution  
  84  7:14  Roach x8  
  100  7:17  Roach  
  104  7:22  Roach  
  104  7:25  Roach  
  104  7:28  Roach x3  
  112  7:31  Overlord  
  112  7:35  Overlord  
  112  7:38  Overlord  
  112  7:43  Overlord  
  112  7:45  Drone  
  112  7:46  Roach x4  
  123  7:51  Roach  
  123  7:56  Roach x7  
  137  8:01  Roach x2  
  141  8:08  Overlord x2  
  141  8:10  Roach x3  
  147  8:15  Ravager x2  
  147  8:16  Ravager x2  
  147  8:19  Roach x3  
  157  8:20  Zergling x2  
  163  8:27  Roach x5  
  163  8:30  Roach x2  
  163  8:32  Roach  
  163  8:33  Roach  
  169  8:35  Roach, Queen  
  169  8:43  Roach x3  
  169  8:47  Overlord  
  169  8:48  Overlord  
  175  8:52  Spore Crawler  
  174  8:56  Ravager  
  174  9:07  Ravager x2  
  174  9:09  Roach x8  
  178  9:19  Roach x7  
  178  9:20  Roach  
  178  9:24  Roach x2  
  178  9:29  Roach x5  
  178  9:30  Roach  
  188  9:31  Roach  
  188  9:34  Roach x2  
  190  9:40  Roach x2  
  184  9:47  Roach x4  
  175  9:52  Ravager  
  175  9:54  Queen  
  175  9:55  Roach x2  
  175  9:57  Roach  
  175  9:59  Roach  
  185  10:04  Roach  
  185  10:06  Roach, Ravager x2  
  191  10:11  Overlord  
  191  10:13  Ravager  
  183  10:25  Roach x2  
  183  10:26  Roach x7  
Tags
 
Add a new tag
Caveats
  • Supply blocks, unpowered buildings, or Contaminate may cause inaccurate times.
  • Supply counts are checked every 10 seconds.